 Dungeon Crawl Stone Soup version 0.32-a0-576-g706899e69d (webtiles) character file.

Game seed: 3592334474536849513

54559 Sobieck the Earth Mage (level 14, -2/93 HPs)
             Began as a Mountain Dwarf Earth Elementalist on Mar 1, 2024.
             Was a High Priest of Vehumet.
             Slain by an eight-headed hydra (6 damage)
             ... on level 4 of the Lair of Beasts.
             The game lasted 00:49:10 (20322 turns).

Sobieck the Earth Mage (MDEE)                      Turns: 20322, Time: 00:49:10

Health: -2/93      AC: 20    Str: 12    XL:     14   Next: 35%
Magic:  39/46      EV:  4    Int: 20    God:    Vehumet [*****.]
Gold:   712        SH:  8    Dex: 10    Spells: 15/33 levels left

rFire   + + .        I - staff of earth
rCold   . . .        A - +2 buckler
rNeg    + + +        k - +0 plate armour
rPois   .            (no helmet)
rElec   .            p - +1 cloak
rCorr   +            M - +0 pair of gloves "Utusosax" {Rampage rCorr MP+9 Stlth-}
SInv    .            (no boots)
Will    +....        h - amulet of Qoblolly {^Fragile rF++ rN++ RegenMP+} Stlth
                     n - ring of positive energy
HPRegen 0.35/turn    B - ring of magical power
MPRegen 0.70/turn

%: rampage
@: no status effects
A: runic magic, artefact enchanting
a: Renounce Religion


You were on level 4 of the Lair of Beasts.
You worshipped Vehumet.
Vehumet was extremely pleased with you.
You visited 3 branches of the dungeon, and saw 20 of its levels.

You collected 2069 gold pieces.
You spent 1357 gold pieces at shops.

Inventory:

Hand Weapons
 a - a +2 dagger of electrocution
Missiles
 F - 4 curare-tipped darts
Armour
 i - the +1 scale mail of Vusuecoi {^Contam Harm Rampage Will++}
   (You took it off an orc on level 7 of the Dungeon)

   Will++:    It greatly increases your willpower.
   ^Contam:   It causes magical contamination when unequipped.
   Harm:      It increases damage dealt and taken.
   Rampage:   It bestows one free step when moving towards enemies.
 k - a +0 plate armour (worn)
 p - a +1 cloak (worn)
 A - a +2 buckler (worn)
 M - the +0 pair of gloves "Utusosax" (worn) {Rampage rCorr MP+9 Stlth-}
   (You bought it in a shop on level 4 of the Dungeon)

   MP+9:      It affects your magic capacity (+9).
   rCorr:     It protects you from acid and corrosion.
   Rampage:   It bestows one free step when moving towards enemies.
   Stlth-:    It makes you less stealthy.
Magical Staves
 I - a staff of earth (weapon)
 J - a staff of cold
Jewellery
 b - an amulet of magic regeneration
 c - a ring of protection from cold
 h - the amulet of Qoblolly (around neck) {^Fragile rF++ rN++ RegenMP+}
   (You bought it in a shop on level 8 of the Dungeon)

   [amulet of magic regeneration]

   It increases your rate of magic regeneration.
   rF++:      It greatly protects you from fire.
   rN++:      It greatly protects you from negative energy.
   ^Fragile:  It will be destroyed if unequipped.
   RegenMP+:  It increases your rate of magic regeneration.
 m - an amulet of the acrobat
 n - a ring of positive energy (left hand)
 r - an amulet of regeneration
 B - a ring of magical power (right hand)
Wands
 u - a wand of roots (33)
 E - a wand of polymorph (8)
 P - a wand of paralysis (23)
 V - a wand of flame (7)
Scrolls
 d - a scroll of noise
 s - 2 scrolls of revelation
 y - 4 scrolls of amnesia
 C - a scroll of poison
 D - a scroll of brand weapon
 G - 3 scrolls of blinking
 K - a scroll of enchant weapon
 L - 3 scrolls of immolation
 O - a scroll of butterflies
 R - 3 scrolls of identify
 S - a scroll of fog
 T - 9 scrolls of teleportation
 U - a scroll of fear
Potions
 e - 2 potions of cancellation
 f - 5 potions of might
 g - a potion of ambrosia
 j - 6 potions of mutation
 l - 2 potions of lignification
 o - 3 potions of berserk rage
 q - 4 potions of magic
 t - a potion of degeneration
 v - 3 potions of enlightenment
 w - 4 potions of resistance
 x - 2 potions of brilliance
 z - 2 potions of attraction
 H - a potion of haste
 N - 2 potions of heal wounds
 Q - 4 potions of curing


   Skills:
 + Level 13.0 Armour
 - Level 1.3 Dodging
 - Level 1.4 Stealth
 - Level 10.0 Shields
 + Level 10.4 Spellcasting
 - Level 0.8 Conjurations
 + Level 2.7 Necromancy
 - Level 18.0 Earth Magic
 + Level 2.4 Alchemy


You had 15 spell levels left.
You knew the following spells:

 Your Spells              Type           Power      Damage    Failure   Level
a - Sandblast             Erth           100%       2d20      0%          1
b - Stone Arrow           Conj/Erth      100%       3d13      1%          3
c - Lee's Rapid Deconstr  Erth           44%        3d21*     1%          5
d - Petrify               Alch/Erth      67%        N/A       3%          4
e - Borgnjor's Vile Clut  Necr/Erth      33%        N/A       9%          5

Your spell library contained the following spells:

 Spells                   Type           Power      Damage    Failure   Level
 Spellforged Servitor     Conj/Summ      6%         N/A       100%        7
 Passwall                 Erth           89%        N/A       1%          3
 Brom's Barrelling Bould  Conj/Erth      64%        2d8       1%          4
 Sting                    Conj/Alch      64%        1d7       3%          1
 Mercury Vapours          Alch/Air       30%        N/A       6%          2
 Momentum Strike          Conj/Tloc      24%        3d8       8%          2
 Olgreb's Toxic Radiance  Alch           20%        N/A       21%         4
 Blink                    Tloc           20%        N/A       34%         2
 Lesser Beckoning         Tloc           20%        N/A       34%         2
 Iskenderun's Mystic Bla  Conj/Tloc      12%        2d5       41%         4
 Call Canine Familiar     Summ           10%        N/A       56%         3
 Sigil of Binding         Hex            10%        N/A       56%         3
 Tukima's Dance           Hex            10%        N/A       56%         3
 Animate Dead             Necr           21%        N/A       58%         4
 Arcjolt                  Conj/Air       6%         1d16      75%         5
 Fireball                 Conj/Fire      6%         3d5       75%         5
 Cause Fear               Hex            5%         N/A       92%         4
 Dimensional Bullseye     Hex/Tloc       5%         N/A       92%         4
 Vhi's Electric Charge    Tloc/Air       20%        N/A       92%         4
 Conjure Ball Lightning   Conj/Air       6%         3x3d6     99%         6
 Death Channel            Necr           10%        N/A       100%        6
 Plasma Beam              Fire/Air       5%         2x1d15    100%        6
 Haunt                    Necr/Summ      7%         N/A       100%        7
 Discord                  Hex            5%         N/A       100%        8
 Disjunction              Tloc           5%         N/A       100%        8
 Infestation              Necr           10%        N/A       100%        8
 Dragon's Call            Summ           5%         N/A       100%        9


Dungeon Overview and Level Annotations

Branches:
Dungeon (14/15)            Temple (1/1) D:6            Lair (5/5) D:11
 Shoals (0/4) Lair:3        Snake (0/4) Lair:3          Orc (0/2) D:10
  Slime: Lair:4-5    Vaults: D:13-14

Altars:
Ashenzari
Cheibriados
Dithmenos
Elyvilon
Fedhas
Gozag
Hepliaklqana
Kikubaaqudgha
Makhleb
Nemelex Xobeh
Okawaru
Qazlal
Ru
Sif Muna
Trog
Uskayaw
Vehumet
Wu Jian
Xom
Yredelemnul
Zin
The Shining One

Shops:
D:4 (*[((   D:7 *   D:8 =

Annotations:
D:7 1 runed translucent door, exclusion: boulder beetle


Innate Abilities, Weirdness & Mutations

Your spellcasting is much less encumbered by armour.
You can use scrolls of enchantment on lesser artefacts.


Message History

Press: ? - help, Shift-Dir - straight line, f - eight-headed hydra
Aim: an eight-headed hydra (92% to hit)
You feel a surge of power!
The stone arrow hits the eight-headed hydra!!
The eight-headed hydra is moderately wounded.
The boulder beetle leaps!
The eight-headed hydra bites you but does no damage.
You block the eight-headed hydra's attack. x2
The eight-headed hydra bites you but does no damage.
The eight-headed hydra bites you!
* * * LOW HITPOINT WARNING * * *
The eight-headed hydra bites you but does no damage.
The eight-headed hydra bites you.
* * * LOW HITPOINT WARNING * * *
The eight-headed hydra bites you but does no damage.
Casting: Stone Arrow (safe; 1% risk of failure)
Confirm with . or Enter, or press ? or * to list all spells.
Aiming: Stone Arrow (safe; 1% risk of failure)
Press: ? - help, Shift-Dir - straight line, f/p - eight-headed hydra
Aim: an eight-headed hydra (moderately wounded, 92% to hit)
You feel a surge of power!
The stone arrow hits the eight-headed hydra!!
The eight-headed hydra is severely wounded.
The eight-headed hydra bites you.
* * * LOW HITPOINT WARNING * * *
The eight-headed hydra bites you.
* * * LOW HITPOINT WARNING * * *
The eight-headed hydra bites you!
* * * LOW HITPOINT WARNING * * *
The eight-headed hydra bites you!
* * * LOW HITPOINT WARNING * * *
The eight-headed hydra bites you but does no damage. x3
The eight-headed hydra bites you.
* * * LOW HITPOINT WARNING * * *
Casting: Stone Arrow (safe; 1% risk of failure)
Confirm with . or Enter, or press ? or * to list all spells.
Aiming: Stone Arrow (safe; 1% risk of failure)
Press: ? - help, Shift-Dir - straight line, f/p - eight-headed hydra
Aim: an eight-headed hydra (severely wounded, 92% to hit)
You feel a surge of power!
The stone arrow hits the eight-headed hydra!
The eight-headed hydra is almost dead.
You block the eight-headed hydra's attack.
The eight-headed hydra bites you but does no damage. x2
The eight-headed hydra bites you!
* * * LOW HITPOINT WARNING * * *
The eight-headed hydra bites you!
* * * LOW HITPOINT WARNING * * *
The eight-headed hydra bites you.
You die...

.##.P..#######P######.###.#.###
†.............................#
..#......##.....#.............#
.........##...#.#.#...........#
..........#...#.P.P...........#
..........#<..#.P.............#
..........#..................P#
..........#...............>...#
...............D@............##
.[.............†....##...#...#
..............#.....##.....#.#
..#.#.........#......#...#.P.#
..#.P...........B...##÷......#
..#.................##...#.#.#
#...................##.......##
.........#....P.....#......#..#
#........#....#...P.##.....#.##


You could see a boulder beetle and an eight-headed hydra.

Vanquished Creatures
  7 hydras
  A catoblepas (Lair:3)
  A centaur warrior (D:13)
  3 boulder beetles
  6 death yaks
  A two-headed ogre (D:10)
  Sonja (D:11)
  2 skysharks
  Nergalle (Lair:1)
  2 lindwurms (Lair:1)
  2 ugly things (D:13)
  2 cyclopes
  2 manticores
  11 elephants
  5 black mambas
  2 gargoyles (D:7)
  11 cane toads
  2 unseen horrors (D:11)
  A kobold demonologist (D:7)
  5 komodo dragons
  4 rime drakes
  4 trolls
  A polar bear (D:11)
  3 merfolk (Lair:3)
  5 dream sheep (Lair:5)
  13 blink frogs
  3 slime creatures
  A wraith (D:9)
  2 shadows
  53 yaks
  A wyvern (D:8)
  Grum (Lair:1)
  3 basilisks
  A steam dragon (D:7)
  5 vampire mosquitoes
  15 water moccasins
  2 acid dragons
  Duvessa (D:4)
  4 orc warriors
  4 ice beasts
  A black bear (D:7)
  30 wolves
  4 sky beasts
  12 centaurs
  3 phantoms
  A kobold brigand (D:6)
  18 bullfrogs
  5 scorpions
  2 gnoll sergeants
  15 wights
  Dowan (D:4)
  9 killer bees
  6 howler monkeys
  2 electric eels
  A bombardier beetle (D:4)
  4 hounds
  Crazy Yiuf (D:2)
  5 orc priests
  3 gnoll boudas
  7 iguanas
  A sleepcap (D:6)
  2 orc wizards
  26 gnolls
  8 adders
  3 white imps (D:7)
  2 ufetubi (D:5)
  5 dart slugs
  41 orcs
  A bat zombie (D:3)
  4 endoplasms
  3 giant cockroaches (D:3)
  14 goblins
  11 hobgoblins
  2 jackals (D:1)
  12 kobolds
  4 quokkas
  13 ball pythons
  2 bats
  6 frilled lizards
  A frilled lizard zombie (D:3)
  11 rats
496 creatures vanquished.

Notes
Turn   | Place    | Note
-------+----------+-------------------------------------------
     0 | D:1      | Sobieck the Mountain Dwarf Earth Elementalist began the
                  | quest for the Orb.
     0 | D:1      | Reached XP level 1. HP: 14/14 MP: 3/3
   117 | D:1      | Reached XP level 2. HP: 20/20 MP: 0/4
   465 | D:1      | Reached skill level 1 in Armour
   666 | D:1      | Reached skill level 4 in Earth Magic
   739 | D:1      | Found a faded altar of an unknown god.
   744 | D:1      | Reached XP level 3. HP: 26/26 MP: 1/6
  1512 | D:2      | Reached XP level 4. HP: 28/33 MP: 3/7
  1577 | D:1      | Learned a level 3 spell: Stone Arrow
  1846 | D:2      | Found a blossoming altar of Fedhas.
  1928 | D:2      | Found a runed translucent door.
  1929 | D:2      | Noticed Crazy Yiuf
  2425 | D:2      | Killed Crazy Yiuf
  2426 | D:2      | Reached skill level 5 in Earth Magic
  2426 | D:2      | Reached XP level 5. HP: 4/38 MP: 2/8
  3206 | D:3      | Found an ancient bone altar of Kikubaaqudgha.
  3318 | D:4      | Found Uho Qyutzi's Armour Shop.
  3467 | D:4      | Found Vaowol's Assorted Antiques.
  3520 | D:4      | Bought a scroll labelled MUISUBLI YGITO for 30 gold pieces
  3520 | D:4      | Bought a smoky ruby potion for 27 gold pieces
  3520 | D:4      | Bought a scroll labelled DUJEYMIPED for 30 gold pieces
  3520 | D:4      | Bought a purple potion for 27 gold pieces
  3925 | D:4      | Found Osukkig's Antique Weapon Emporium.
  4147 | D:4      | Reached skill level 3 in Spellcasting
  4178 | D:4      | Found a sparkling altar of Nemelex Xobeh.
  4322 | D:4      | Found Gyuhowk's Weapon Boutique.
  4350 | D:4      | Reached XP level 6. HP: 45/45 MP: 7/10
  4391 | D:4      | Found Weipiuse's Antique Weapon Emporium.
  4856 | D:5      | Entered Level 5 of the Dungeon
  4947 | D:5      | Reached skill level 3 in Armour
  4947 | D:5      | Reached skill level 6 in Earth Magic
  5113 | D:5      | Noticed Duvessa
  5148 | D:5      | Noticed Dowan
  5162 | D:4      | Killed Duvessa
  5169 | D:4      | HP: 3/67 [Dowan/+0 dagger (3)]
  5170 | D:4      | Killed Dowan
  5171 | D:4      | Reached XP level 7. HP: 4/50 MP: 5/12
  5522 | D:5      | Reached skill level 7 in Earth Magic
  6428 | D:6      | Reached skill level 8 in Earth Magic
  6428 | D:6      | Reached XP level 8. HP: 57/57 MP: 10/14
  6571 | D:6      | Found a staircase to the Ecumenical Temple.
  6581 | Temple   | Entered the Ecumenical Temple
  6619 | Temple   | Became a worshipper of Vehumet
  7254 | D:6      | Reached skill level 9 in Earth Magic
  7431 | D:6      | Reached skill level 6 in Armour
  7778 | D:6      | Found a white marble altar of Elyvilon.
  7778 | D:6      | Found a blossoming altar of Fedhas.
  7978 | D:7      | Reached XP level 9. HP: 62/62 MP: 13/16
  7978 | D:7      | Noticed a manticore
  7991 | D:7      | Killed a manticore
  7992 | D:7      | Reached skill level 10 in Earth Magic
  8034 | D:7      | Noticed a troll
  8034 | D:7      | Noticed a gargoyle
  8057 | D:6      | Killed a troll
  8305 | D:7      | Found a runed translucent door.
  8306 | D:7      | Noticed a boulder beetle
  8444 | D:7      | Reached skill level 11 in Earth Magic
  8457 | D:7      | Reached * piety under Vehumet
  8457 | D:7      | Offered knowledge of Freeze by Vehumet.
  8502 | D:7      | Reached skill level 6 in Spellcasting
  8539 | D:7      | Noticed a cyclops
  8552 | D:7      | Killed a cyclops
  8588 | D:7      | Noticed a boulder beetle
  8607 | D:7      | Found Akoze's Mayhem Merchandise.
  8631 | D:7      | Killed a boulder beetle
  8632 | D:7      | Reached XP level 10. HP: 21/69 MP: 13/19
  8933 | D:8      | Reached skill level 12 in Earth Magic
  8989 | D:8      | Found Sifaill's Jewellery Boutique.
  8993 | D:8      | Bought a ring of magical power for 200 gold pieces
  9086 | D:8      | Reached skill level 1 in Shields
  9154 | D:8      | Noticed a +0 falchion
  9154 | D:8      | Noticed a +0 short sword
  9154 | D:8      | Noticed a +0 dagger
  9156 | D:8      | Noticed a +0 short sword
  9156 | D:8      | Noticed a +0 dagger
  9168 | D:8      | Noticed a +0 falchion
  9169 | D:8      | Noticed a +0 spear
  9170 | D:8      | Noticed a +0 spear
  9174 | D:8      | Found a hide-covered altar of Uskayaw.
  9486 | D:9      | Offered knowledge of Searing Ray by Vehumet.
  9493 | D:9      | Reached ** piety under Vehumet
  9616 | D:9      | Reached skill level 3 in Shields
  9964 | D:10     | Entered Level 10 of the Dungeon
  9975 | D:10     | Reached skill level 13 in Earth Magic
 10046 | D:10     | Reached skill level 9 in Armour
 10052 | D:10     | Reached XP level 11. HP: 52/74 MP: 21/21
 10056 | D:10     | Offered knowledge of Mercury Vapours by Vehumet.
 10128 | D:10     | Noticed a two-headed ogre
 10133 | D:10     | Killed a two-headed ogre
 10201 | D:10     | Found a staircase to the Orcish Mines.
 10252 | D:10     | Reached *** piety under Vehumet
 10881 | D:10     | Identified a scroll of acquirement
 10881 | D:10     | Acquired a staff of earth
 11212 | D:11     | Reached skill level 14 in Earth Magic
 11277 | D:11     | Noticed Sonja
 11280 | D:11     | Killed Sonja
 11280 | D:11     | Offered knowledge of Flame Wave by Vehumet.
 11399 | D:11     | Found a staircase to the Lair.
 11919 | D:12     | You fall into a shaft and drop 2 floors!
 11934 | D:14     | Noticed a purple ugly thing
 11934 | D:14     | Noticed a purple ugly thing
 11935 | D:14     | Noticed a purple ugly thing
 11936 | D:14     | Noticed a purple ugly thing
 11945 | D:13     | Killed a purple ugly thing
 11949 | D:13     | Killed a purple ugly thing
 12041 | D:13     | Noticed a boulder beetle
 12043 | D:13     | Reached skill level 6 in Shields
 12060 | D:13     | Killed a boulder beetle
 12248 | D:13     | Reached **** piety under Vehumet
 12249 | D:13     | Reached XP level 12. HP: 55/81 MP: 24/24
 12278 | D:13     | Noticed a centaur warrior
 12294 | D:13     | Killed a centaur warrior
 12321 | D:12     | Noticed a boulder beetle
 12528 | D:13     | Offered knowledge of Volatile Blastmotes by Vehumet.
 12555 | D:12     | Reached skill level 15 in Earth Magic
 12739 | D:4      | Bought the +0 pair of gloves "Utusosax" {Rampage rCorr MP+9
                  | Stlth-} for 449 gold pieces
 12872 | Lair:1   | Entered Level 1 of the Lair of Beasts
 12952 | Lair:1   | Noticed Grum
 12964 | Lair:1   | Killed Grum
 13377 | Lair:1   | Noticed Nergalle
 13385 | Lair:1   | Killed Nergalle
 13521 | Lair:1   | Reached ***** piety under Vehumet
 13533 | Lair:1   | Offered knowledge of Lee's Rapid Deconstruction by Vehumet.
 13540 | Lair:1   | Learned a level 5 spell: Lee's Rapid Deconstruction
 13854 | Lair:1   | Acquired 907 gold pieces
 13975 | D:8      | Bought the amulet of Qoblolly {^Fragile rF++ rN++ RegenMP+}
                  | for 594 gold pieces
 14122 | D:7      | Identified the +1 scale mail of Vusuecoi {^Contam Harm
                  | Rampage Will++}
 14153 | D:7      | Reached skill level 16 in Earth Magic
 14191 | D:7      | Reached skill level 9 in Spellcasting
 14611 | D:7      | Killed a boulder beetle
 15051 | Lair:2   | Reached XP level 13. HP: 86/86 MP: 19/26
 16461 | Lair:3   | Reached skill level 12 in Armour
 16461 | Lair:3   | Reached skill level 17 in Earth Magic
 16479 | Lair:3   | Reached skill level 9 in Shields
 16511 | Lair:3   | Offered knowledge of Spellforged Servitor by Vehumet.
 17862 | Lair:3   | Found a staircase to the Snake Pit.
 18072 | Lair:3   | Learned a level 4 spell: Petrify
 18174 | Lair:3   | Found a staircase to the Shoals.
 18908 | Lair:3   | Reached XP level 14. HP: 76/93 MP: 28/28
 19380 | Lair:4   | Reached skill level 1 in Alchemy
 19397 | Lair:4   | Reached skill level 18 in Earth Magic
 19500 | Lair:4   | Learned a level 5 spell: Borgnjor's Vile Clutch
 19863 | Lair:5   | Entered Level 5 of the Lair of Beasts
 19872 | Lair:5   | Reached skill level 1 in Necromancy
 20322 | Lair:4   | HP: 4/93 [eight-headed hydra (9)]
 20322 | Lair:4   | Slain by an eight-headed hydra

Illustrated notes

Levels and vault maps discovered:
D:1:      minmay_arrival_arboretum_small, layout_loops_corners,
          nicolae_ecumenical_snake_handling
D:2:      minmay_alternating_diamond, layout_loops_ring, basic_altar,
          minmay_tromino_v4_c, uniq_crazy_yiuf_cottage
D:3:      layout_rooms, lemuel_zombie_altar_kikubaaqudgha, corexii_corridor_pit
D:4:      layout_basic, nemelex_dance_club_becter, serial_shops,
          nicolae_shop_trees, nicolae_shop_rolling_square, nicolae_shop_crystal,
          nicolae_shop_tiny_glass, nicolae_inconvenience_store, serial_forest,
          infiniplex_forest_lined_4_way, infiniplex_forest_end_2,
          infiniplex_forest_lined_corner, infiniplex_forest_clump_C,
          infiniplex_forest_diagonal, infiniplex_forest_clump_medium,
          infiniplex_forest_zigzag_1, infiniplex_forest_join,
          infiniplex_forest_split
D:5:      layout_basic, kennysheep_nondescript, kennysheep_generic_room_10,
          uniq_duvessa
D:6:      layout_layer_cave, gammafunk_temple_overflow_wave,
          minmay_temple_entry_antechambers
D:7:      minmay_the_grid_four_pointed_star
          [minmay_the_grid_triangle_9x9_semitri,
          minmay_the_grid_triangle_9x9_alien,
          minmay_the_grid_triangle_9x9_flanged_cone,
          minmay_the_grid_triangle_9x9_subtriangle,
          minmay_the_grid_prize_big_room], layout_loops_corners,
          minmay_shop_mayhem, dk_noncrumbling_2, st_stairs_12,
          serial_bayou_lagoon_a, nicolae_the_louvre
D:8:      layout_basic, nicolae_uskayaw_en_pointe, serial_shops, shop
D:9:      layout_basic, hangedman_decor_points
D:10:     layout_cave_pools, david_orc_3
D:11:     layout_gridville, hellmonk_lair_entry_icy, uniq_sonja
D:12:     layout_cave_pods
D:13:     layout_small_grid
D:14:     layout_irregular_city, lightli_vaults_fourway_checkpoint,
          grunt_gozag_breadcrumbs, serial_shops, shop,
          ebering_ghost_reflecting_pool, enter_trove_2
Temple:   minmay_crystal_spiral_temple
Lair:1:   wander_river, layout_regular_city, gauntlet_entry_generic,
          nicolae_lair_lindhole, uniq_grum, uniq_nergalle
Lair:2:   layout_misc_corridors, lemuel_fruit_tree, serial_bayou_shore_b,
          serial_bayou_shore_b, grunt_megastairs_1
Lair:3:   layout_layer_cave, mainiacjoe_shoals_entry_four_pools,
          dummy_snake_entry, nicolae_lair_grazing_beasts
          [nicolae_sub_lair_graze_edge, nicolae_sub_lair_graze_edge,
          nicolae_sub_lair_graze_edge, nicolae_sub_lair_graze_edge],
          grunt_megastairs_5
Lair:4:   layout_long_grid
Lair:5:   minmay_lair_end_frog_pond, layout_loops_ring, slime_entry_1,
          basic_altar

Skill      XL: |  1  2  3  4  5  6  7  8  9 10 11 12 13 14 |
---------------+-------------------------------------------+-----
Spellcasting   | 2 3 4 5 6 7 8 9 10 | 10.4
Armour         | 1 2 3 4 6 7 9 10 11 12 13 | 13.0
Earth Magic    | 4 5 6 8 9 11 13 14 16 17 18 | 18.0
Shields        | 3 6 8 9 10 | 10.0
Alchemy        | 2 |  2.4
Necromancy     | 2 |  2.7
Dodging        | |  1.3
Stealth        | |  1.4
Conjurations   | |  0.8

Action                     |  1- 3 |  4- 6 |  7- 9 | 10-12 | 13-15 || total
---------------------------+-------+-------+-------+-------+-------++-------
  Melee: Dagger            |     8 |     7 |     7 |     8 |       ||    30
         Staff             |       |       |       |     2 |       ||     2
   Fire: Sling             |       |    56 |    42 |       |       ||    98
   Cast: Sandblast         |    47 |    87 |   166 |   388 |   189 ||   877
         Stone Arrow       |       |       |     4 |    78 |    52 ||   134
         Lee's Rapid Decon |       |       |       |    27 |    97 ||   124
         Petrify           |       |       |       |       |     2 ||     2
  Evoke: Wand              |       |       |       |     3 |       ||     3
    Use: Scroll            |       |    14 |     1 |    17 |     2 ||    34
         Potion            |       |     2 |     1 |     4 |       ||     7
 Armour: Robe              |     8 |       |       |       |       ||     8
         Ring mail         |       |    19 |       |       |       ||    19
         Plate armour      |       |    31 |   167 |   445 |   245 ||   888
  Dodge: Dodged            |     8 |    25 |    16 |    65 |    28 ||   142
  Block: Buckler           |       |       |       |   123 |    78 ||   201

Table legend: (Time is in decaauts)
 A = Elapsed time spent in this place.
 B = Non-inter-level travel time spent in this place.
 C = Inter-level travel time spent in this place.
 D = Time resting spent in this place.
 E = Time spent auto-exploring this place.
 F = Levels seen in this place.
 G = Mean time per level.
                   A        B        C        D        E       F      G
               +--------+--------+--------+--------+--------+-----+--------+
         Total |  20878 |  19441 |   1437 |   4043 |  11149 |  20 | 1043.9 |
       Dungeon |  14165 |  13034 |   1131 |   1704 |   8571 |  14 | 1011.8 |
        Temple |     76 |      1 |     75 |      0 |      0 |   1 |   76.0 |
          Lair |   6636 |   6405 |    231 |   2339 |   2578 |   5 | 1327.2 |
               +--------+--------+--------+--------+--------+-----+--------+

Top non-repeatable levels by time:
  Lair:3: 2494 daAuts
     D:4: 1711 daAuts
     D:7: 1675 daAuts
     D:6: 1652 daAuts
  Lair:1: 1588 daAuts
     D:1: 1438 daAuts
     D:5: 1385 daAuts
  Lair:4: 1303 daAuts
     D:2: 1176 daAuts
  Lair:2: 1175 daAuts
    D:11: 1059 daAuts
    D:10: 943 daAuts
     D:3: 861 daAuts
     D:9: 794 daAuts
     D:8: 624 daAuts
